 Seeded DCSS version 0.32-a0-953-g508020473e (webtiles) character file.

Game seed: 202404167 (custom seed)

73124 Orlauf the Carver (level 15, -2/119 HPs)
             Began as a Demonspawn Gladiator on Apr 16, 2024.
             Was a Follower of Uskayaw.
             Slain by an orc warlord
             ... wielding a +2 great sword of holy wrath
              (7 damage)
             ... on level 2 of the Orcish Mines.
             The game lasted 00:39:41 (22677 turns).

Orlauf the Carver (Demonspawn Gladiator)           Turns: 22677, Time: 00:39:43

Health: -2/119     AC: 31    Str: 20    XL:     15   Next: 3%
Magic:  25/25      EV:  9    Int: 11    God:    Uskayaw [*.....]
Gold:   1070       SH: 20    Dex: 14    Spells: 14/14 levels left

rFire   . . .        a - +1 long sword of Emeomedd {flame, rN+}
rCold   . . .        T - +0 tower shield
rNeg    + . .        W - +2 plate armour {rPois}
rPois   +            c - +0 helmet
rElec   +            (cloak unavailable)
rCorr   +            I - +0 pair of gloves
SInv    .            N - +2 pair of slick slippers {slick, slippery, EV+4}
Will    +....        U - amulet of faith Stlth
                     h - +4 ring of protection
HPRegen 0.39/turn    L - ring "Mattomni" {rElec rPois rCorr}
MPRegen 0.19/turn

%: faith
@: no status effects
A: icy blue scales 1, icemail 1, black mark, condensation shield, bedeviling,
weakness stinger 3
a: Renounce Religion, Stomp


You were on level 2 of the Orcish Mines.
You worshipped Uskayaw.
Uskayaw was pleased with you.
You visited 4 branches of the dungeon, and saw 20 of its levels.
You also visited: Sewer.

You collected 1667 gold pieces.
You spent 597 gold pieces at shops.

Inventory:

Hand Weapons
 a - the +1 long sword of Emeomedd (weapon) {flame, rN+}
   (You found it on level 7 of the Dungeon)

   rN+:       It protects you from negative energy.
 b - a +3 heavy long sword
 n - a +1 short sword of electrocution
 A - a +2 great sword
Missiles
 d - 20 throwing nets
 e - 7 javelins
 M - 4 curare-tipped darts (quivered)
Armour
 c - a +0 helmet (worn)
 k - a +3 buckler
 I - a +0 pair of gloves (worn)
 N - the +2 pair of slick slippers (worn) {slick, slippery, EV+4}
   (You found it on level 10 of the Dungeon)

   Slick:     Its wearer cannot be constricted, engulfed, netted, webbed, or
   stopped by binding sigils.
   Slippery:  Its wearer slips away from damaging melee attacks, pulling the
   attacker onward.
   EV+4:      It affects your evasion (+4).
 T - a +0 tower shield (worn)
 W - a +2 plate armour of poison resistance (worn)
Jewellery
 h - a +4 ring of protection (left hand)
 o - a ring of fire
 z - a ring of fire
 H - an amulet of the acrobat
 K - a ring of positive energy
 L - the ring "Mattomni" (right hand) {rElec rPois rCorr}
   (You bought it in a shop on level 5 of the Dungeon)

   [ring of resist corrosion]

   rElec:     It insulates you from electricity.
   rPois:     It protects you from poison.
   rCorr:     It protects you from acid and corrosion.
 Q - a ring of flight
 U - an amulet of faith (around neck)
Wands
 f - a wand of flame (34)
 B - a wand of polymorph (14)
 O - a wand of iceblast (3)
 R - a wand of digging (4)
Scrolls
 g - 4 scrolls of silence
 i - a scroll of amnesia
 q - 5 scrolls of poison
 r - 12 scrolls of teleportation
 s - 2 scrolls of fear
 u - 2 scrolls of immolation
 y - 4 scrolls of fog
 E - 3 scrolls of vulnerability
 G - 5 scrolls of enchant weapon
 P - 3 scrolls of butterflies
 S - 2 scrolls of identify
 V - 2 scrolls of enchant armour
Potions
 j - a potion of cancellation
 l - 2 potions of might
 m - 3 potions of brilliance
 p - 2 potions of ambrosia
 t - a potion of lignification
 v - a potion of mutation
 w - 3 potions of haste
 x - 3 potions of invisibility
 C - 2 potions of berserk rage
 D - 3 potions of curing
 F - 5 potions of enlightenment
 J - 2 potions of resistance


   Skills:
 * Level 11.4 Fighting
 + Level 14.3 Long Blades
 - Level 1.7 Throwing
 - Level 10.4 Armour
 - Level 5.1 Dodging
 + Level 10.0 Shields
 + Level 14.2 Invocations


You had 14 spell levels left.
You didn't know any spells.
Your spell library contained the following spells:

 Spells                   Type           Power      Damage    Failure   Level
 Freeze                   Ice            0%         1d3       100%        1
 Sandblast                Erth           0%         2d4       100%        1
 Sting                    Conj/Alch      0%         1d3       100%        1
 Blink                    Tloc           0%         N/A       100%        2
 Ensorcelled Hibernation  Hex/Ice        0%         N/A       100%        2
 Lesser Beckoning         Tloc           0%         N/A       100%        2
 Mercury Vapours          Alch/Air       0%         N/A       100%        2
 Momentum Strike          Conj/Tloc      0%         3d8       100%        2
 Frozen Ramparts          Ice            0%         1d1       100%        3
 Hailstorm                Conj/Ice       0%         3d5       100%        3
 Inner Flame              Hex/Fire       0%         N/A       100%        3
 Passwall                 Erth           0%         N/A       100%        3
 Stone Arrow              Conj/Erth      0%         3d7       100%        3
 Swiftness                Air            0%         N/A       100%        3
 Animate Armour           Summ/Erth      0%         N/A       100%        4
 Flame Wave               Conj/Fire      0%         2d4       100%        4
 Olgreb's Toxic Radiance  Alch           0%         N/A       100%        4
 Sticky Flame             Fire/Alch      0%         2d4       100%        4
 Irradiate                Conj/Alch      0%         3d11      100%        5
 Summon Forest            Summ/Tloc      0%         N/A       100%        5
 Summon Mana Viper        Hex/Summ       0%         N/A       100%        5
 Summon Cactus Giant      Summ           0%         N/A       100%        6
 Ozocubu's Refrigeration  Ice            0%         4d7       100%        7
 Seismic Cannonade        Alch/Erth      0%         6d4       100%        7
 Discord                  Hex            0%         N/A       100%        8
 Ignition                 Fire           0%         3d3       100%        8
 Lehudib's Crystal Spear  Conj/Erth      0%         10d2      100%        8


Dungeon Overview and Level Annotations

Branches:
Dungeon (12/15)            Temple (1/1) D:7            Lair (5/5) D:8
 Shoals (0/4) Lair:2       Spider (0/4) Lair:2        Slime (0/5) Lair:5
    Orc (2/2) D:9           Sewer (visited)
    Elf: Orc:2

Altars:
Cheibriados
Dithmenos
Fedhas
Gozag
Hepliaklqana
Kikubaaqudgha
Makhleb
Nemelex Xobeh
Okawaru
Qazlal
Ru
Sif Muna
Trog
Uskayaw
Vehumet
Xom
Yredelemnul
Beogh
Jiyva

Shops:
D:2 !   D:3 *   D:5 =   D:8 [   Orc:2 :!

Portals:
Hell: Lair:5
Trove: D:10 (give +7 demon trident)


Innate Abilities, Weirdness & Mutations

You are partially covered in icy blue scales. (AC +2)
A meltable icy envelope protects you from harm. (AC +4)
Your melee attacks may debilitate your foes.
A meltable shield of frost defends you. (SH +4)
Your hexes are more powerful.
You have a sharp stinger which inflicts weakening toxins.


Message History

You block the orc warrior's attack. You block the orc's attack.
You block the orc warlord's attack.
You hit the orc warlord but do no damage.
The orc warlord is moderately wounded.
You block the orc's attack. You block the orc warrior's attack.
You block the orc warlord's attack.
You hit the orc warlord but do no damage.
The orc warlord is moderately wounded.
You block the orc's attack. You block the orc warrior's attack.
The orc hits you but does no damage.
The orc warlord hits you with a +2 great sword of holy wrath!!
You slip backwards!
You convulse!!
* * * LOW HITPOINT WARNING * * *
You hit the orc warlord but do no damage.
The orc warlord is moderately wounded.
The orc barely misses you.
The orc warlord hits you with a +2 great sword of holy wrath!
* * * LOW HITPOINT WARNING * * *
You slip backwards!
You convulse.
* * * LOW HITPOINT WARNING * * *
Okay, then.
As you read the scroll of fear, it crumbles to dust.
You assume a fearsome visage.
The orc warlord easily resists.
The orc warrior looks frightened!
The orc looks frightened!
The orc warlord hits you but does no damage.
You hit the orc warlord. You burn the orc warlord.
The orc warlord is moderately wounded.
You hit the orc warlord. You burn the orc warlord.
The orc warlord is drained!
You tail-slap the orc warlord.
The orc warlord looks weaker.
The orc warlord is moderately wounded.
You block the orc warlord's attack.
You slice the orc warlord!! You burn the orc warlord!
The orc warlord looks even weaker.
You tail-slap the orc warlord, but do no damage.
The orc warlord is heavily wounded.
The orc warlord hits you with a +2 great sword of holy wrath!
* * * LOW HITPOINT WARNING * * *
You slip backwards!
You convulse!
You die...
Your body falls in perfect tune with the rhythm.

..................
..##.......##.....
###.........###...
.....ß.ßoo.).###.
...........)))..##
.........)..)).).##
...#...#).).o)..##
.##ß.ß##........##
#.o.. ####..@.))##
.o.o ###.....#
##.....# #......#
#........#
#........#
#....ß...#
##.......#
#......##


You could see an orc warlord (poisoned, weak, drained), an orc warrior (strong,
fleeing) and an orc (strong, fleeing).

Vanquished Creatures
  An orc warlord (Orc:2)
  6 hydras
  4 catoblepae
  A boulder beetle (D:12)
  7 two-headed ogres
  An orc high priest (Orc:2)
  4 death yaks (Lair:5)
  3 skysharks (D:10)
  A sixfirhy (Lair:5)
  An arcanist (Lair:5)
  2 obsidian bats
  4 orc knights (Orc:2)
  3 orc sorcerers
  2 manticores (D:11)
  13 elephants
  4 cyclopes
  6 black mambas
  2 kobold blastminers (Orc:2)
  A black mamba (shapeshifter) (D:10)
  A molten gargoyle (Lair:4)
  12 cane toads
  2 torpor snails
  4 orange demons
  A kobold demonologist (D:11)
  12 komodo dragons
  8 rime drakes
  Psyche (D:10)
  3 ice devils
  4 trolls
  5 merfolk (D:10)
  A hornet (D:8)
  A polar bear (Lair:2)
  A hellwing (Lair:5)
  22 blink frogs
  7 dream sheep
  3 culicivoras (Lair:2)
  2 wraiths
  2 wyverns
  A vampire (D:10)
  55 yaks
  A water elemental (D:10)
  A fire elemental (Lair:4)
  Grum (Lair:1)
  A basilisk (Lair:4)
  2 wargs (Orc:2)
  20 water moccasins
  3 hell hounds (Lair:5)
  A swamp drake (D:8)
  34 orc warriors
  A black bear (D:6)
  2 sky beasts
  2 laughing skulls (D:12)
  10 ogres
  8 wolves
  7 centaurs
  8 kobold brigands
  15 bullfrogs
  3 scorpions
  13 wights
  12 killer bees
  A vampire bat (Orc:1)
  2 howler monkeys
  2 bombardier beetles
  7 jellies
  2 gnoll boudas
  18 orc priests
  Crazy Yiuf (D:2)
  3 hounds
  4 sleepcaps
  3 iguanas
  18 orc wizards
  Ijyb (D:3)
  Terence (D:3)
  13 hell rats (Lair:3)
  11 adders
  11 gnolls
  11 river rats
  A shadow imp (D:6)
  A white imp (D:5)
  2 dart slugs
  2 ribbon worms
  89 orcs
  9 endoplasms
  7 giant cockroaches
  5 goblins
  6 hobgoblins
  10 jackals
  24 kobolds
  11 quokkas
  14 ball pythons
  12 bats
  4 frilled lizards
  38 rats
703 creatures vanquished.

Vanquished Creatures (others)
  A komodo dragon (D:8)
1 creature vanquished.

Grand Total: 704 creatures vanquished

Notes
Turn   | Place    | Note
-------+----------+-------------------------------------------
     0 | D:1      | Orlauf the Demonspawn Gladiator began the quest for the
                  | Orb.
     0 | D:1      | Reached XP level 1. HP: 16/16 MP: 1/1
   331 | D:1      | Found a faded altar of an unknown god.
   343 | D:1      | Gained mutation: You have a small tail. [demonic ancestry]
   343 | D:1      | Reached XP level 2. HP: 13/22 MP: 2/2
  1014 | D:2      | Gained mutation: A meltable shield of frost defends you.
                  | (SH +4) [demonic ancestry]
  1014 | D:2      | Reached XP level 3. HP: 28/28 MP: 3/3
  1171 | D:2      | Reached skill level 1 in Shields
  1249 | D:2      | Gained mutation: A meltable icy envelope protects you from
                  | harm. (AC +4) [demonic ancestry]
  1249 | D:2      | Reached XP level 4. HP: 29/34 MP: 4/4
  1417 | D:2      | Found Zabreics's Distillery.
  1438 | D:2      | Bought a potion of curing for 36 gold pieces
  1826 | D:2      | Found a runed translucent door.
  1827 | D:2      | Noticed Crazy Yiuf
  1835 | D:2      | Killed Crazy Yiuf
  1957 | D:3      | Gained mutation: You have a tail ending in a sharp stinger.
                  | [demonic ancestry]
  1957 | D:3      | Reached XP level 5. HP: 40/41 MP: 5/5
  2038 | D:3      | Noticed Terence
  2048 | D:3      | Killed Terence
  2134 | D:3      | Reached XP level 6. HP: 44/47 MP: 6/6
  2179 | D:3      | Found a shimmering altar of Xom.
  2220 | D:3      | Noticed Ijyb
  2232 | D:3      | Killed Ijyb
  2233 | D:3      | Reached skill level 5 in Long Blades
  2401 | D:3      | Found Plog's Assorted Antiques.
  2409 | D:3      | Bought a fuming brown potion for 27 gold pieces
  2487 | D:3      | Found a burning altar of Makhleb.
  2779 | D:4      | Found a glowing drain.
  2800 | Sewer    | Entered a sewer
  3101 | Sewer    | Gained mutation: You are partially covered in icy blue
                  | scales. (AC +2) [demonic ancestry]
  3101 | Sewer    | Reached XP level 7. HP: 54/54 MP: 7/7
  3676 | D:5      | Entered Level 5 of the Dungeon
  3689 | D:5      | Noticed a yak
  3689 | D:5      | Noticed a yak
  3689 | D:5      | Noticed a yak
  3689 | D:5      | Noticed a yak
  3707 | D:5      | Killed a yak
  3711 | D:5      | Reached skill level 5 in Fighting
  3717 | D:5      | Killed a yak
  3718 | D:5      | Gained mutation: You have a sharp stinger which inflicts
                  | weakening toxins. [demonic ancestry]
  3718 | D:5      | Reached XP level 8. HP: 20/62 MP: 8/8
  3940 | D:5      | Found a bloodstained altar of Trog.
  3948 | D:5      | Found a shimmering blue altar of Sif Muna.
  4492 | D:5      | Found an ancient bone altar of Kikubaaqudgha.
  4610 | D:5      | Found Porch's Jewellery Shoppe.
  4911 | D:6      | Identified the +1 leather armour "Wuwkant" {Str+3 Dex+4}
  5114 | D:6      | Reached skill level 5 in Shields
  5258 | D:6      | Reached XP level 9. HP: 33/69 MP: 9/9
  5503 | D:6      | Found a snail-covered altar of Cheibriados.
  5888 | D:7      | Identified the +1 long sword of Emeomedd {flame, rN+}
  6424 | D:7      | Found a staircase to the Ecumenical Temple.
  6433 | Temple   | Entered the Ecumenical Temple
  6452 | Temple   | Became a worshipper of Uskayaw the Reveller
  6569 | D:7      | Reached * piety under Uskayaw
  6737 | D:8      | Reached ** piety under Uskayaw
  6741 | D:8      | Reached *** piety under Uskayaw
  6742 | D:8      | Reached skill level 1 in Invocations
  6745 | D:8      | Reached **** piety under Uskayaw
  6747 | D:8      | Reached ***** piety under Uskayaw
  7247 | D:8      | Noticed a two-headed ogre
  7255 | D:8      | Killed a two-headed ogre
  7256 | D:8      | Reached XP level 10. HP: 79/79 MP: 12/12
  7273 | D:8      | Found Kusatosm's Armour Boutique.
  7380 | D:8      | Identified the +0 mace "Ikkav" {vamp, rN+ Will+ Str+3
                  | Stlth+}
  7648 | D:8      | Reached skill level 10 in Long Blades
  7930 | D:8      | Found a staircase to the Lair.
  8735 | D:9      | Reached skill level 5 in Invocations
  9062 | D:9      | Noticed a cyclops
  9064 | D:9      | Found a staircase to the Orcish Mines.
  9068 | D:9      | Killed a cyclops
  9249 | D:9      | Identified the +2 war axe "Suduut" {elec, Str+6 Int-3
                  | Dex+3}
  9406 | D:10     | Entered Level 10 of the Dungeon
  9556 | D:10     | Found a runed translucent door.
  9647 | D:10     | Noticed a skyshark
  9695 | D:10     | Noticed Sonja
  9699 | D:10     | Sonja changed into Sonja the sky beast
  9699 | D:10     | Noticed Sonja
  9702 | D:10     | Killed Sonja the sky beast
  9715 | D:10     | Noticed a skyshark
  9717 | D:10     | Noticed a skyshark
  9718 | D:10     | Found the +2 pair of slick slippers {slick, slippery, EV+4}
  9802 | D:10     | Gained mutation: Your hexes are more powerful. [demonic
                  | ancestry]
  9802 | D:10     | Reached XP level 11. HP: 63/87 MP: 15/15
 10268 | D:10     | Noticed Psyche
 10278 | D:10     | Killed Psyche
 10412 | D:10     | Found a portal to a secret trove of treasure.
 10710 | D:11     | Noticed a two-headed ogre
 10727 | D:11     | Killed a two-headed ogre
 10977 | D:11     | Reached skill level 1 in Armour
 11194 | D:11     | You fall into a shaft and drop 1 floor!
 11419 | D:12     | Noticed a boulder beetle
 11444 | D:12     | Killed a boulder beetle
 11529 | D:12     | Noticed a two-headed ogre
 11545 | D:12     | Killed a two-headed ogre
 11936 | D:5      | Bought the ring "Mattomni" {rElec rPois rCorr} for 534 gold
                  | pieces
 12072 | D:10     | Killed a skyshark
 12072 | D:10     | Killed a skyshark
 12072 | D:10     | Killed a skyshark
 12073 | D:10     | Reached XP level 12. HP: 93/95 MP: 18/18
 12701 | Lair:1   | Entered Level 1 of the Lair of Beasts
 12701 | Lair:1   | Noticed Grum
 12722 | Lair:1   | Killed Grum
 12778 | Lair:1   | Reached ****** piety under Uskayaw
 12802 | Lair:1   | Reached skill level 5 in Armour
 13884 | Lair:2   | Reached skill level 10 in Invocations
 13946 | Lair:2   | Found a hole to the Spider Nest.
 14112 | Lair:2   | Identified the +3 spear of the Shore {spect, rElec rF+}
 14293 | Lair:2   | Found a staircase to the Shoals.
 14567 | Lair:2   | Reached XP level 13. HP: 99/101 MP: 20/20
 16303 | Lair:3   | Reached skill level 10 in Shields
 17024 | Lair:4   | Reached skill level 10 in Armour
 17495 | Lair:4   | Gained mutation: Your melee attacks may debilitate your
                  | foes. [demonic ancestry]
 17495 | Lair:4   | Reached XP level 14. HP: 108/108 MP: 23/23
 17909 | Lair:5   | Entered Level 5 of the Lair of Beasts
 17972 | Lair:5   | Found a staircase to the Slime Pits.
 17974 | Lair:5   | Found a viscous altar of Jiyva.
 19343 | Lair:5   | Found a burning altar of Makhleb.
 19361 | Lair:5   | Reached skill level 10 in Fighting
 20362 | Lair:5   | Found a gateway to Hell.
 20561 | Orc:1    | Entered Level 1 of the Orcish Mines
 20887 | Orc:2    | Entered Level 2 of the Orcish Mines
 21245 | Orc:2    | Found a roughly hewn altar of Beogh.
 21346 | Orc:2    | Noticed an orc warlord
 21403 | Orc:2    | Killed an orc warlord
 21649 | Orc:2    | Found Xaymem's Book Boutique.
 21729 | Orc:2    | Found Linena's Distillery.
 21750 | Orc:2    | Reached skill level 5 in Dodging
 22570 | Orc:2    | Reached XP level 15. HP: 31/119 MP: 25/25
 22581 | Orc:2    | HP: 4/119 [orc warrior/+0 hand axe (5)]
 22677 | Orc:2    | HP: 5/119 [orc warlord/+2 great sword of holy wrath (9)]
 22677 | Orc:2    | Slain by an orc warlord

Illustrated notes

Levels and vault maps discovered:
D:1:      dpeg_arrival_rhombus, layout_basic,
          hellmonk_ecumenical_altar_pennies_from_heaven
D:2:      layout_basic, serial_shops, shop, fountainhead,
          uniq_crazy_yiuf_cottage
D:3:      layout_rooms, grunt_temple_overflow_order_and_chaos_2,
          mainiacjoe_overflow_alcove_1, serial_shops, nicolae_shop_trees,
          serial_aquarium, aquarium_bridge_square [aquarium_subvault_bridge,
          aquarium_subvault_bridge, aquarium_subvault_bridge,
          aquarium_subvault_window], aquarium_bridge_long_separate
          [aquarium_subvault_balcony, aquarium_subvault_bridge,
          aquarium_subvault_bridge, aquarium_subvault_bridge,
          aquarium_subvault_bridge, aquarium_subvault_bridge],
          aquarium_window_fake, aquarium_window_3, aquarium_view_2f,
          aquarium_view_2f, aquarium_balcony_1b, st_stairs_1,
          nicolae_grassy_gnolls, uniq_terence, uniq_ijyb
D:4:      layout_cave_pools, portal_sewer_entry_f,
          serial_library_regret_index_multi
D:5:      layout_loops_cross, kiku_gazebo_garden_becter,
          nicolae_overflow_hidden_temple, elyvilon_altar_3, serial_shops, shop
D:6:      layout_gridville, cheibriados_altar_1,
          minmay_a_box_with_orc_wizards_in_it
D:7:      layout_loops_cross, minmay_temple_entry_water_ring
D:8:      layout_basic, erik_lair_dragon, serial_shops, kennysheep_mini
D:9:      layout_long_grid, erik_orc_3
D:10:     layout_gridville, enter_trove_6, nicolae_guarded_unrand_slippers,
          uniq_psyche, uniq_sonja
D:11:     layout_cave_pods
D:12:     layout_basic, serial_demonic, serial_demonic_f, serial_demonic_c,
          serial_demonic_a, serial_demonic_e, serial_demonic_b
Temple:   nicolae_temple_slightly_damp_pantheon
Lair:1:   layout_chaotic_city, uniq_grum
Lair:2:   layout_chaotic_city, minmay_shoals_entry_centaurs,
          hellmonk_spider_entry_life_and_decay, serial_bayou_pond_c
Lair:3:   lemuel_ratsnest, layout_cellular_growth, chequers_serial_rivers_room_b
Lair:4:   layout_big_grid, serial_bayou_pond_e, st_stairs_8,
          amcnicky_mini_pool_medium, grunt_megastairs_4, lemuel_fruit_tree
Lair:5:   evil_forest, layout_gridlike, nicolae_slime_entry_field_trip,
          patterned_corridor
Orc:1:    layout_diamond_mine, minmay_shop_enchanted_jewellery, roderic_batcave
Orc:2:    pubby_orc_utopia

Skill      XL: |  1  2  3  4  5  6  7  8  9 10 11 12 13 14 |
---------------+-------------------------------------------+-----
Long Blades    | 3 4 5 6 8 9 11 12 13 14 | 14.3
Shields        | 1 2 3 5 6 7 8 9 10 | 10.0
Fighting       | 3 4 5 6 7 8 9 11 | 11.4
Invocations    | 3 6 8 10 12 14 | 14.2
Armour         | 4 7 10 | 10.4
Dodging        | 5 |  5.1
Throwing       | |  1.7

Action                     |  1- 3 |  4- 6 |  7- 9 | 10-12 | 13-15 || total
---------------------------+-------+-------+-------+-------+-------++-------
  Melee: Short sword       |    71 |       |       |       |       ||    71
         Tailslap          |    11 |    29 |    80 |   171 |   315 ||   606
         Long sword        |    23 |   188 |   432 |   881 |  1456 ||  2980
  Throw: Throwing net      |       |     3 |     2 |     1 |       ||     6
         Dart              |       |       |       |     4 |     3 ||     7
 Invoke: Grand Finale      |       |       |       |       |     4 ||     4
  Evoke: Wand              |       |    19 |     1 |    18 |     1 ||    39
    Use: Scroll            |     4 |     6 |     9 |     5 |     7 ||    31
         Potion            |       |       |     2 |     6 |     6 ||    14
   Stab: Held in net/web   |       |     2 |     1 |       |       ||     3
         Paralysed         |       |       |     2 |    54 |   125 ||   181
         Invisible         |       |       |       |     1 |       ||     1
         Petrified         |       |       |       |       |    22 ||    22
 Armour: Leather armour    |     7 |       |       |       |       ||     7
         Ring mail         |    35 |       |       |       |       ||    35
         Chain mail        |     2 |   176 |   303 |   352 |   706 ||  1539
         Plate armour      |       |       |       |   241 |   154 ||   395
  Dodge: Dodged            |    48 |    47 |   100 |   254 |   450 ||   899
  Block: Buckler           |    31 |   120 |   273 |   510 |   648 ||  1582
         Tower shield      |       |       |       |       |   410 ||   410

Table legend: (Time is in decaauts)
 A = Elapsed time spent in this place.
 B = Non-inter-level travel time spent in this place.
 C = Inter-level travel time spent in this place.
 D = Time resting spent in this place.
 E = Time spent auto-exploring this place.
 F = Levels seen in this place.
 G = Mean time per level.
                   A        B        C        D        E       F      G
               +--------+--------+--------+--------+--------+-----+--------+
         Total |  22398 |  21448 |    950 |   2252 |  14047 |  21 | 1066.6 |
       Dungeon |  12415 |  11715 |    700 |   1131 |   8125 |  12 | 1034.6 |
        Temple |     38 |     19 |     19 |      0 |      0 |   1 |   38.0 |
          Lair |   7498 |   7294 |    204 |    906 |   4671 |   5 | 1499.6 |
  Orcish Mines |   2059 |   2034 |     25 |    215 |   1103 |   2 | 1029.5 |
         Sewer |    387 |    387 |      0 |      0 |    146 |   1 |  387.0 |
               +--------+--------+--------+--------+--------+-----+--------+

Top non-repeatable levels by time:
  Lair:5: 2175 daAuts
   Orc:2: 1747 daAuts
     D:8: 1554 daAuts
  Lair:4: 1545 daAuts
  Lair:3: 1537 daAuts
    D:10: 1414 daAuts
     D:9: 1384 daAuts
     D:5: 1302 daAuts
  Lair:1: 1143 daAuts
     D:2: 1103 daAuts
  Lair:2: 1096 daAuts
     D:6: 1016 daAuts
    D:11: 968 daAuts
     D:3: 870 daAuts
     D:1: 823 daAuts
